AoeStats
← A pelubi

Nomad

510246207Analyzed
4v4 RM · 2d ago on Sep 30, 2026· 37m 50s· 8 players
Game mode
Random Map
Map size
231×231
Population
200
Speed
Normal
Resources
Standard
Victory
Conquest
Starting age
Dark Age
Ending age
Imperial Age
RankedLock teamsTeams togetherTeam positionsShared explorationLock speedFull tech treeHidden civsTurbo modeCheats
Victory
Defeat
🇨🇳 Varangians · China
1268
+14
🇹🇼 Persians · Taiwan
1261
+14
🇲🇽 Burgundians · Mexico
1172
+18
🇺🇸 Mongols · United States
1153
+19
🇪🇨 Koreans · Ecuador
1369
-23
🇦🇷 Dravidians · Argentina
1202
-16
🇦🇷 Malians · Argentina
1199
-15
🇦🇷 Persians · Argentina
1095
-11
poteytor123
5:03 Loom
21:11 Feudal Age
33:05 Castle Age
32:53 Gold Mining
TREX KID BOO
3:51 Loom
12:51 Feudal Age
15:19 Fletching
26:50 Castle Age
32:39 Castle Age
30:59 Double-Bit Axe
32:54 Crossbowman
ta mal ito
3:33 Loom
15:07 Feudal Age
18:42 Castle Age
18:37 Double-Bit Axe
19:58 Bow Saw
22:02 Wheelbarrow
22:40 Scale Mail Armor
23:38 Chain Mail Armor
23:57 Forging
24:08 Gold Mining
26:21 Iron Casting
26:10 Ballistics
27:51 Gold Shaft Mining
27:09 Stone Mining
28:55 Gold Shaft Mining
29:14 Hand Cart
29:46 Town Watch
31:00 Town Patrol
34:42 Imperial Age
36:02 Plate Mail Armor
36:22 Conscription
36:51 Scale Barding Armor
37:09 Conscription
36:52 Farimba
37:01 Murder Holes
A pelubi
11:56 Loom
13:42 Feudal Age
16:09 Double-Bit Axe
18:45 Castle Age
20:06 Medium Warships
21:56 Gold Mining
27:36 Bow Saw
30:48 Imperial Age
28:56 Wheelbarrow
28:08 Demolition Ship
dantealhz
5:05 Loom
14:54 Feudal Age
13:41 Double-Bit Axe
25:58 Gold Mining
27:03 Bow Saw
27:31 Gold Shaft Mining
26:47 Stone Mining
26:49 Fishing Lines
29:29 Castle Age
29:19 Fletching
31:05 Medium Warships
30:15 Demolition Ship
30:47 Gillnets
30:56 Stone Mining
32:22 Wheelbarrow
31:33 Town Watch
31:40 Horse Collar
32:37 Careening
36:40 Hand Cart
36:11 Town Watch
37:05 Stone Shaft Mining
36:25 Town Watch
36:42 Heavy Plow
38:05 Forging
rambo
4:36 Loom
17:22 Feudal Age
23:02 Castle Age
21:07 Double-Bit Axe
22:03 Horse Collar
24:31 Gold Mining
26:16 Bloodlines
26:39 Bow Saw
29:44 Fletching
29:55 Padded Archer Armor
30:01 Scale Barding Armor
30:58 Wheelbarrow
33:10 Gold Shaft Mining
32:26 Stone Mining
32:38 Bodkin Arrow
32:58 Leather Archer Armor
33:04 Chain Barding Armor
Guojiel
8:10 Loom
14:13 Feudal Age
18:08 Castle Age
16:31 Stone Mining
16:47 Fishing Lines
17:32 Double-Bit Axe
19:33 Gillnets
21:05 Horse Collar
28:15 Town Watch
29:05 Wheelbarrow
29:14 Wheelbarrow
29:23 Town Patrol
31:26 Bloodlines
31:16 Husbandry
31:57 Forging
31:53 Scale Barding Armor
34:55 Hand Cart
mimikyu
15:14 Feudal Age
18:53 Castle Age
16:56 Gold Mining
17:17 Bloodlines
16:57 Double-Bit Axe
17:27 Forging
17:42 Scale Barding Armor
18:09 Gold Mining
18:08 Horse Collar
20:00 Bow Saw
20:27 Husbandry
24:42 Chain Barding Armor
29:16 Wheelbarrow
30:46 Iron Casting
34:36 Stone Mining
40:04 Imperial Age
37:20 Loom
Connection lost

Rejoining the realm…

Still unreachable

The connection could not be restored.

Session expired

The server has moved on; the page needs a fresh start.